cohdb
Replays
Latest Replays
All Replays
Popular Replays
Top Player Replays
Match Explorer
How It Works
Community
CoH3 Stats
Reddit
Sign in to upload your games and track your stats! →
Sign in with Steam
Match 42808220
Unlisted
Match 42808220
Overview
Messages
Build Orders
End
Royal Engineer Section
Construct Section Command Post
Dingo Light Scout Car
Infantry Section
Infantry Section
Selects Canadian Shock Battlegroup
Selects Attacking Spirit
Selects Canadian Shock Section
Canadian Shock Section
Construct Platoon Command Post
Humber Armored Car
Selects Incendiary Munitions
Grenade Package
Humber Armored Car
Infantry Training
Selects Pyrotechnics
Construct Field Infirmary
Canadian Shock Section
Construct Company Command Post
Selects Churchill Crocodile Heavy Tank
Crusader II Medium Tank
DeadPhoenix
Zleg
Bear
GrayFox
0
0
Comments
sign in to comment!
No comments posted yet!